 Dungeon Crawl Stone Soup version 0.24.0-37-gcf1ca852f1 (console) character file.

Game seed: 12098770624049605512, levelgen mode: deterministic

326 AlterAsc the Ruffian (level 6, -15/53 HPs)
             Began as a Ghoul Fighter on Nov 24, 2019.
             Was a Follower of Makhleb.
             Demolished by an ogre
             ... wielding a +0 giant club
              (29 damage)
             ... on level 4 of the Dungeon.
             The game lasted 00:07:41 (2653 turns).

AlterAsc the Ruffian (Ghoul Fighter)                Turns: 2653, Time: 00:07:42

Health: -15/53     AC:  8    Str: 22    XL:     6   Next: 49%
Magic:  5/5        EV:  7    Int:  3    God:    Makhleb [*.....]
Gold:   90         SH:  9    Dex: 11    Spells: 5/5 levels left

rFire    . . .     SeeInvis .     - Unarmed
rCold    + . .     Gourm    .   b - +0 shield
rNeg     + + +     Faith    .   a - +0 scale mail
rPois    ∞         Spirit   .   (no helmet)
rElec    .         Reflect  .   (no cloak)
rCorr    .         Harm     .   (no gloves)
MR       .....                  (no boots)
Stlth    ..........             (no amulet)
HPRegen  0.00/turn              i - +2 ring of protection
MPRegen  0.09/turn              p - +3 ring of dexterity

@: rotting
A: rotting body, claws 1, carnivore, cold resistance 1, negative energy
resistance 3, inhibited regeneration, torment resistance, unbreathing
a: Renounce Religion


You were on level 4 of the Dungeon.
You worshipped Makhleb.
Makhleb was aware of your devotion.
You were not hungry.

You visited 1 branch of the dungeon, and saw 6 of its levels.

You collected 90 gold pieces.

Inventory:

Hand Weapons
 q - a +0 club
Armour
 a - a +0 scale mail (worn)
 b - a +0 shield (worn)
Jewellery
 i - a +2 ring of protection (left claw)
 p - a +3 ring of dexterity (right claw)
Scrolls
 e - a scroll of magic mapping {unknown}
 f - a scroll of amnesia {unknown}
 g - a scroll of blinking
 j - 2 scrolls of identify {unknown}
 l - a scroll of fog {unknown}
 n - a scroll of noise {unknown}
 r - a scroll of remove curse {unknown}
Potions
 c - a potion of might
 h - a potion of cancellation {unknown}
 k - a potion of resistance {unknown}
 m - a potion of flight {unknown}
 o - 2 potions of curing {unknown}
 s - a potion of mutation {unknown}
 t - a potion of lignification {unknown}
Comestibles
 d - 3 rations


   Skills:
 + Level 4.7 Fighting
 - Level 2.8 Armour
 + Level 3.9 Shields
 * Level 5.2 Unarmed Combat


You had 5 spell levels left.
You didn't know any spells.
Your spell library was empty.

Dungeon Overview and Level Annotations

Branches:
Dungeon (6/15)
 Temple: D:4-7

Altars:
Makhleb
Okawaru
Ru


Innate Abilities, Weirdness & Mutations

Your body is rotting away.
You thrive on raw meat.
You are immune to poison.
You have sharp fingernails.
You are carnivorous and can eat meat at any time.
Your flesh is cold resistant. (rC+)
You are immune to negative energy. (rN+++)
You do not regenerate when monsters are visible.
You are immune to unholy pain and torment.
You can survive without breathing.


Message History

The ogre is heavily wounded.
The ogre hits you with a +0 giant club!
You scratch the ogre.
The ogre is heavily wounded.
The ogre barely misses you.
You scratch the ogre.
The ogre is almost dead.
You scratch the ogre.
The ogre is almost dead.
An orc comes into view. It is wielding a -1 dagger.
You block the ogre's attack.
You barely miss the ogre.
The ogre is almost dead.
The ogre hits you with a +0 giant club!
* * * LOW HITPOINT WARNING * * *
You scratch the ogre.
The ogre is almost dead.
The ogre hits you with a +0 giant club!!
Ouch! That really hurt!
You die...

.......
#..... .....
... #.##
#..## ##..##
##..#####
##>O@..#
#####.## #..#
#.######.####
#.#.........#
#...........#
#..........#
##.[.......#
. #.........#


You could see an ogre.

Vanquished Creatures
  An ogre (D:4)
  A howler monkey (D:4)
  An orc priest (D:2)
  Robin (D:2)
  6 gnolls
  3 adders (D:2)
  4 dart slugs
  A worm (D:3)
  8 orcs
  2 ball pythons
  3 giant cockroaches
  9 hobgoblins
  2 jackals (D:6)
  4 bats
  2 frilled lizards (D:1)
  13 goblins (D:2)
  3 kobolds
  6 rats
70 creatures vanquished.

Notes
Turn   | Place    | Note
-------+----------+-------------------------------------------
     0 | D:1      | AlterAsc the Ghoul Fighter began the quest for the Orb.
     0 | D:1      | Reached XP level 1. HP: 19/19 MP: 0/0
    56 | D:1      | Reached XP level 2. HP: 26/26 MP: 1/1
   783 | D:2      | Reached skill level 3 in Unarmed Combat
   783 | D:2      | Reached XP level 3. HP: 29/33 MP: 2/2
   924 | D:2      | Noticed Robin
   987 | D:2      | Killed Robin
   987 | D:2      | Reached XP level 4. HP: 37/40 MP: 3/3
  1757 | D:3      | Found an iron altar of Okawaru.
  1757 | D:3      | Found a sacrificial altar of Ru.
  1757 | D:3      | Found a burning altar of Makhleb.
  1765 | D:3      | Became a worshipper of Makhleb the Destroyer
  1871 | D:2      | Reached skill level 4 in Unarmed Combat
  1871 | D:2      | Reached XP level 5. HP: 17/46 MP: 4/4
  2219 | D:3      | Reached * piety under Makhleb
  2243 | D:3      | You fall into a shaft and drop 3 floors!
  2277 | D:6      | Noticed an ice beast
  2294 | D:6      | Noticed an orc warrior
  2316 | D:5      | Entered Level 5 of the Dungeon
  2316 | D:5      | Noticed a phantom
  2627 | D:4      | Noticed an ogre
  2631 | D:4      | Noticed an ogre
  2639 | D:4      | Killed an ogre
  2639 | D:4      | Reached skill level 5 in Unarmed Combat
  2639 | D:4      | Reached XP level 6. HP: 33/53 MP: 5/5
  2653 | D:4      | Demolished by an ogre

Levels and vault maps discovered:
D:1:      roderic_crossed_star, layout_basic
D:2:      layout_basic, minmay_quadrilaterals, uniq_robin
D:3:      layout_loops_ring, grunt_temple_overflow_open,
          chequers_ecumenical_altar_simple, gammafunk_ghost_smash
D:4:      layout_rooms, first_ration, gammafunk_ghost_grave, uniq_duvessa
D:5:      layout_layer_cave, minmay_misc_feat_hallway
D:6:      layout_loops_ring, kennysheep_little_box, temple_green,
          gammafunk_ghost_cemetery, uniq_grinder

Skill      XL: |  1  2  3  4  5 |
---------------+----------------+-----
Shields        | 3 |  3.9
Unarmed Combat | 3 4 5 |  5.2
Fighting       | 4 |  4.7
Armour         | |  2.8

Action                   |  1- 3 |  4- 6 || total
-------------------------+-------+-------++-------
Melee: Unarmed           |   118 |   139 ||   257
  Use: Scroll            |       |     1 ||     1
  Eat: Chunk             |    13 |    23 ||    36
Armor: Scale mail        |    55 |    46 ||   101
Dodge: Dodged            |    31 |    32 ||    63
Block: Shield            |    45 |    72 ||   117
